 Dungeon Crawl Stone Soup version 0.29.1-1-gd02db6906a (webtiles) character file.

Game seed: 8354246830314077886

58 TOMEKEK the Trooper (level 3, -1/33 HPs)
             Began as a Minotaur Fighter on Sept 30, 2022.
             Slain by a goblin
             ... wielding a +0 club
             ... led by Robin
              (3 damage)
             ... on level 2 of the Dungeon.
             The game lasted 00:02:57 (891 turns).

TOMEKEK the Trooper (Minotaur Fighter)               Turns: 891, Time: 00:02:57

Health: -1/33      AC:  7    Str: 22    XL:     3   Next: 76%
Magic:  2/2        EV:  9    Int:  5    God:
Gold:   58         SH:  4    Dex:  9    Spells: 2/2 levels left

rFire   . . .      SeeInvis .   a - +0 war axe
rCold   . . .      Faith    +   c - +0 buckler
rNeg    . . .      Spirit   .   b - +0 scale mail
rPois   .          Reflect  .   (helmet restricted)
rElec   .          Harm     .   (no cloak)
rCorr   .          Rampage  .   (no gloves)
Will    .....                   (no boots)
Stlth   ..........              g - amulet of faith
HPRegen 0.11/turn               h - ring of flight
MPRegen 0.08/turn               (no ring)

@: flying
A: horns 2, retaliatory headbutt
a: no special abilities


You were on level 2 of the Dungeon.
You visited 1 branch of the dungeon, and saw 2 of its levels.

You collected 58 gold pieces.

Inventory:

Hand Weapons
 a - a +0 war axe (weapon)
Missiles
 i - 2 poisoned darts (quivered)
Armour
 b - a +0 scale mail (worn)
 c - a +0 buckler (worn)
Jewellery
 g - an amulet of faith (around neck)
 h - a ring of flight (left hand)
 j - an amulet of magic regeneration
Scrolls
 f - a scroll of summoning {unknown}
 k - 2 scrolls of identify {unknown}
 m - a scroll of silence {unknown}
Potions
 d - 2 potions of might
 e - 2 potions of heal wounds {unknown}
 l - a potion of ambrosia {unknown}


   Skills:
 + Level 4.2 Fighting
 + Level 3.2 Axes
 + Level 4.2 Armour
 + Level 4.2 Shields


You had 2 spell levels left.
You didn't know any spells.
Your spell library contained the following spells:

 Spells                   Type           Power      Damage    Failure   Level
 Magic Dart               Conj           0%         1d3       87%         1
 Call Imp                 Summ           0%         N/A       95%         2
 Mephitic Cloud           Conj/Pois/Air  0%         N/A       99%         3


Dungeon Overview and Level Annotations

Branches:
Dungeon (2/15)

Altars:

Annotations:
D:2 Robin


Innate Abilities, Weirdness & Mutations

You have a pair of horns on your head.
You reflexively headbutt those who attack you in melee.


Message History

You block the goblin's attack. The hobgoblin hits you.
You are too injured to fight recklessly!
You closely miss Robin. You headbutt Robin, but do no damage.
You closely miss the hobgoblin. You slash the goblin!
You kill the goblin!
You barely miss the goblin.
A bat comes into view.
The goblin hits you with a +0 club.
The hobgoblin hits you but does no damage.
Robin throws the goblin at you!
* * * LOW HITPOINT WARNING * * *
You slash Robin!
Robin is moderately wounded.
You closely miss the hobgoblin. You completely miss the goblin.
The goblin hits you but does no damage. Robin hits you with a +0 dagger.
* * * LOW HITPOINT WARNING * * *
The hobgoblin hits you.
* * * LOW HITPOINT WARNING * * *
Unknown command.
You hit Robin but do no damage.
Robin is moderately wounded.
You barely miss the ball python. You barely miss the hobgoblin.
You closely miss the goblin.
The goblin no longer looks unusually strong.
You block the goblin's attack. The ball python closely misses you.
You furiously retaliate!
You headbutt the ball python.
You kill the ball python!
Robin hits you with a +0 dagger.
* * * LOW HITPOINT WARNING * * *
You block the hobgoblin's attack. The hobgoblin barely misses you.
The goblin hits you but does no damage.
Robin roars a battlecry!
The goblin goes into a battle-frenzy!
The bat hits you but does no damage.
You hit Robin.
Robin is severely wounded.
You closely miss the hobgoblin. You hit the goblin but do no damage.
You closely miss the bat. The bat barely misses you.
The bat hits you but does no damage. The goblin hits you with a +0 club.
You die...

#..# ..##.#
#.##..##...... .
#.##..##....# .
#.##........#.## ####
##.##........#..#
...####...#......)....
.....##...#........#
...#..#........g)).#
...##.#....#....@).#
(.....'........bgg......
#######....#..........#^
#........#.#......
......#..##........
####................
.........##.#....
#########.. ......


You could see Robin, a hobgoblin (strong), a goblin (strong) and a bat.

Vanquished Creatures
  An adder (D:2)
  2 dart slugs (D:1)
  4 endoplasms
  A giant cockroach (D:1)
  12 goblins
  4 hobgoblins
  2 quokkas (D:1)
  7 ball pythons
  A bat (D:1)
  A frilled lizard (D:1)
  4 kobolds (D:1)
  3 rats (D:1)
42 creatures vanquished.

Notes
Turn   | Place    | Note
-------+----------+-------------------------------------------
     0 | D:1      | TOMEKEK the Minotaur Fighter began the quest for the Orb.
     0 | D:1      | Reached XP level 1. HP: 19/19 MP: 0/0
   199 | D:1      | Reached XP level 2. HP: 27/27 MP: 1/1
   435 | D:1      | Reached XP level 3. HP: 33/33 MP: 2/2
   698 | D:1      | Found a faded altar of an unknown god.
   880 | D:2      | Noticed Robin
   891 | D:2      | Slain by a goblin

Illustrated notes

Levels and vault maps discovered:
D:1:      kilobyte_arrival_exit_the_forest, layout_rooms,
          basic_ecumenical_altar, minmay_pentomino_q4
D:2:      cheibrodos_pilgrimage, layout_basic, uniq_robin

Skill      XL: |  1  2 |
---------------+-------+-----
Fighting       | 4 |  4.2
Armour         | 4 |  4.2
Shields        | 4 |  4.2
Axes           | 3 |  3.2

Action                   || total
-------------------------++-------
Melee: War axe           ||    60
       Headbutt          ||     8
Armor: Scale mail        ||    29
Dodge: Dodged            ||    37
Block: Buckler           ||    14
